 Dungeon Crawl Stone Soup version 0.17.2 (webtiles) character file.

59 ololoev the Slasher (level 3, -2/29 HPs)
             Began as a Mummy Chaos Knight on June 29, 2016.
             Killed from afar by an orc wizard (15 damage)
             ... with a puff of flame
             ... on level 3 of the Dungeon.
             The game lasted 00:02:37 (1793 turns).

ololoev the Slasher (Mummy Chaos Knight)            Turns: 1793, Time: 00:02:37

Health: -2/29      AC:  5    Str: 16    XL:     3   Next: 78%
Magic:  3/3        EV: 11    Int: 11    God:    Xom [.....*]
Gold:   139        SH:  0    Dex: 11    Spells: 0 memorised, 2 levels left

rFire  x . .     SeeInvis .     a - +0 falchion (chaos)
rCold  + . .     Clarity  .     b - +2 leather armour
rNeg   + + +     SustAt   .     (no shield)
rPois  ∞         Gourm    .     g - +0 hat {MR+}
rElec  .         Spirit   .     (no cloak)
rCorr  .         Warding  .     (no gloves)
rMut   .         Stasis   .     (no boots)
MR     +....                    (no amulet)
Stlth  +.........               (no ring)
                                (no ring)

@: somewhat resistant to hostile enchantments, very unstealthy
A: no food or potions, fire vulnerability, cold resistance 1, negative energy
resistance 3, torment resistance, unbreathing
a: Renounce Religion


Innate Abilities, Weirdness & Mutations

You do not eat or drink.
Your flesh is vulnerable to fire.
You are immune to poison.
Your flesh is cold resistant.
You are immune to negative energy.
You are immune to unholy pain and torment.
You can survive without breathing.

Inventory:

Hand Weapons
 a - a +0 falchion of chaos (weapon)
Missiles
 i - 6 curare-tipped needles
Armour
 b - a +2 leather armour (worn)
 g - a +0 hat of magic resistance (worn)
Wands
 l - a wand of enslavement (18)
Scrolls
 c - 4 scrolls of identify {unknown}
 d - a scroll of fear {unknown}
 e - 2 scrolls of noise {unknown}
 f - 2 scrolls of teleportation {unknown}
 h - a scroll of remove curse {unknown}
 j - a scroll of magic mapping {unknown}
 k - a scroll of recharging {unknown}


   Skills:
 - Level 3.0 Fighting
 * Level 3.2 Long Blades
 + Level 1.2 Throwing
 + Level 2.1 Armour
 - Level 0.7 Dodging


You had 2 spell levels left.
You didn't know any spells.


You were on level 3 of the Dungeon.
You worshipped Xom.
You were Xom's teddy bear.
You were not hungry.

You visited 1 branch of the dungeon, and saw 3 of its levels.

You collected 139 gold pieces.

#...........#
#...........#########
##'###.............).
#.# #..........#####
#.# #..........# #.#
#.# #..........###.#
#.# #####..........#
#.##########.#####.###
#...<.....##..@oo#...#
################.###.#
#.#########.# #.#
#.........#.###.#
#####+#.o.......<...#
........#############
...............
........#######
.......o#

Notes
Turn   | Place    | Note
--------------------------------------------------------------
     0 | D:1      | ololoev the Mummy Chaos Knight began the quest for the Orb.
     0 | D:1      | Reached XP level 1. HP: 18/18 MP: 1/1
    75 | D:1      | XOM: silly message
   173 | D:1      | Reached XP level 2. HP: 21/24 MP: 2/2
   969 | D:2      | XOM: god gift: runed hat {god gift}
   976 | D:2      | Reached XP level 3. HP: 24/29 MP: 3/3
  1045 | D:2      | Found a blossoming altar of Fedhas.
  1062 | D:2      | Noticed an oklob plant
  1107 | D:2      | Reached skill level 1 in Throwing
  1538 | D:2      | XOM: vitrification
  1572 | D:2      | Found a stormy altar of Qazlal.
  1638 | D:2      | XOM is BORED!
  1638 | D:2      | XOM: medium Summ miscast
  1639 | D:2      | Noticed a soul eater
  1639 | D:2      | XOM: god gift: ivory wand {god gift}
  1793 | D:3      | Killed from afar by an orc wizard

Dungeon Overview and Level Annotations

Branches:
Dungeon (3/15)

Altars:
Fedhas
Qazlal

Annotations:
D:2 exclusion: oklob plant


Message History

The orc is heavily wounded.
The orc completely misses you.
You closely miss the orc. The orc hits you but does no damage.
You slash the orc!
You kill the orc!
The orc hits you with a flail.
You completely miss the orc.
The orc is heavily wounded.
The orc hits you with a flail. The orc misses you.
You are too injured to fight recklessly!
You are too injured to fight recklessly!
You are too injured to fight recklessly!
You are too injured to fight recklessly!
You are too injured to fight recklessly!
You are too injured to fight recklessly!
You are too injured to fight recklessly!
You are too injured to fight recklessly!
You are too injured to fight recklessly!
You are too injured to fight recklessly!
You are too injured to fight recklessly!
You are too injured to fight recklessly!
You are too injured to fight recklessly!
You are too injured to fight recklessly!
You are too injured to fight recklessly!
You are too injured to fight recklessly!
You are too injured to fight recklessly!
You are too injured to fight recklessly!
You are too injured to fight recklessly!
You are too injured to fight recklessly!
You are too injured to fight recklessly!
You hit the orc.
You kill the orc!
The orc wizard points at you and mumbles some strange words.
The puff of flame misses you.
The orc wizard gestures at you while chanting.
The puff of flame hits you! The fire burns you terribly!
Xom roars with laughter!
Ouch! That really hurt!
You die...
Xom giggles madly!

You could see an orc wizard and an orc.

Vanquished Creatures
  2 adders (D:2)
  An ooze (D:1)
  A giant gecko (D:3)
  2 orcs (D:3)
  A ball python (D:1)
  5 bats
  3 hobgoblins (D:1)
  A giant newt (D:2)
  5 goblins
  4 jackals (D:1)
  4 kobolds
  A quokka (D:2)
  6 rats
36 creatures vanquished.

Action                   || total
-------------------------++-------
Melee: Falchion          ||   125

Vault maps used:
D:1:      minmay_arrival_doors, kennysheep_another_room, st_stairs_12
D:2:      tgw_fedhas, nicolae_qazlal_eye_of_the_storm
D:3:      xom_teletrap_fun, first_bread, minmay_bisected
